 Dungeon Crawl Stone Soup version 0.28.0-43-g3370ac3207 (webtiles) character file.

Game seed: 12618841266523219196

401578 graymark the Eclecticist (level 22, -21/169 (179) HPs)
             Began as a Black Draconian Conjurer on Mar 4, 2022.
             Was the Champion of Vehumet.
             Killed from afar by an ancient lich (46 damage)
             ... with a bolt of acid
             ... on level 5 of the Vaults on Mar 6, 2022.
             The game lasted 08:30:44 (83502 turns).

graymark the Eclecticist (DrCj)                    Turns: 83502, Time: 08:30:45

HP:   -21/169 (179) AC: 21    Str: 10    XL:     22   Next: 29%
MP:   6/55          EV: 12    Int: 28    God:    Vehumet [******]
Gold: 2445          SH: 14    Dex: 15    Spells: 4/62 levels left

rFire   + . .      SeeInvis .   U - staff of cold
rCold   + + .      Faith    .   Z - +3 buckler {rC+ rF+}
rNeg    + . .      Spirit   .   (armour unavailable)
rPois   .          Reflect  +   X - +2 hat {Will+}
rElec   +          Harm     .   D - +2 cloak
rCorr   .          Rampage  .   u - +1 pair of gloves of Acitevil {Will+}
Will    +++..                   w - +2 pair of boots "Daefelagh" {Drain rN+ Dex+4 Stlth+}
Stlth   +++.......              S - amulet of reflection
HPRegen 0.38/turn               c - ring of magical power
MPRegen 0.34/turn               P - ring of wizardry

@: about to teleport, flying, constricted, drained
A: breathe lightning, AC +11, unfitting armour, big wings, electricity
resistance, cold-blooded
}: 2/15 runes: serpentine, barnacled
a: Breathe Lightning, Renounce Religion


You were on level 5 of the Vaults.
You worshipped Vehumet.
Vehumet was exalted by your worship.
You visited 9 branches of the dungeon, and saw 41 of its levels.

You collected 5040 gold pieces.
You spent 2595 gold pieces at shops.

Inventory:

Hand Weapons
 e - the +1 dagger of the Immovable Villages {flame, Will+}
   (You found it on level 8 of the Dungeon)

   It burns those it strikes, dealing additional fire damage.
   Will:      It increases your willpower.
 N - a +9 double sword
Armour
 u - the +1 pair of gloves of Acitevil (worn) {Will+}
   (You found it on level 3 of the Elven Halls)

   Will:      It increases your willpower.
 w - the +2 pair of boots "Daefelagh" (worn) {Drain rN+ Dex+4 Stlth+}
   (You found it on level 5 of the Dungeon)

   Dex:       It affects your dexterity (+4).
   rN:        It protects you from negative energy.
   Drain:     It drains your maximum health when unequipped.
   Stlth:     It makes you more stealthy.
 D - a +2 cloak (worn)
 X - a +2 hat of willpower (worn)
 Z - a +3 buckler of resistance (worn)
Magical Staves
 f - a staff of fire
 l - a staff of conjuration
 U - a staff of cold (weapon)
 W - a staff of poison
Jewellery
 c - a ring of magical power (left hand)
 g - the ring of Pyromania {rC+ Str+4 Dex+5 Stlth+}
   (You found it on level 3 of the Snake Pit)

   [ring of protection from cold]

   Str:       It affects your strength (+4).
   Dex:       It affects your dexterity (+5).
   rC:        It protects you from cold.
   Stlth:     It makes you more stealthy.
 o - a ring of positive energy
 t - a ring of willpower
 F - a ring of see invisible
 H - a +6 ring of intelligence
 P - a ring of wizardry (right hand)
 S - an amulet of reflection (around neck)
Wands
 s - a wand of digging (14)
 y - a wand of acid (8)
 C - a wand of iceblast (30)
 J - a wand of paralysis (6)
 L - a wand of mindburst (24)
Scrolls
 b - a scroll of enchant armour
 h - 8 scrolls of fear
 i - 10 scrolls of fog
 k - 5 scrolls of teleportation
 n - 4 scrolls of magic mapping
 q - 7 scrolls of blinking
 r - 3 scrolls of vulnerability
 I - 17 scrolls of identify
 K - 3 scrolls of holy word
 M - 4 scrolls of summoning
 V - 2 scrolls of amnesia
 Y - 8 scrolls of enchant weapon
Potions
 a - 15 potions of curing
 d - 8 potions of brilliance
 j - 2 potions of berserk rage
 m - 8 potions of might
 p - 6 potions of invisibility
 v - 2 potions of heal wounds
 x - 2 potions of lignification
 A - 4 potions of resistance
 B - 3 potions of ambrosia
 E - 4 potions of cancellation
 O - 3 potions of magic
 T - 4 potions of haste
Miscellaneous
 z - a piece from Xom's chessboard (15/15)
 G - a condenser vane
 Q - a phial of floods
 R - a phantom mirror


   Skills:
 - Level 11.0 Fighting
 - Level 7.5 Dodging
 - Level 2.7 Stealth
 - Level 9.1 Shields
 + Level 20.9 Spellcasting
 + Level 19.1 Conjurations
 - Level 9.1 Hexes
 - Level 2.2 Translocations
 + Level 19.0 Fire Magic
 - Level 10.1 Ice Magic
 - Level 12.5 Air Magic


You had 4 spell levels left.
You knew the following spells:

 Your Spells              Type           Power      Damage    Failure   Level
a - Magic Dart            Conj           100%       1d8       0%          1
b - Searing Ray           Conj           100%       2d8       0%          2
c - Fulminant Prism       Conj/Hex       41%        3d20      1%          4
d - Dazzling Flash        Conj/Hex       100%       N/A       0%          3
e - Airstrike             Air            39%        N/A       1%          4
f - Cause Fear            Hex            34%        N/A       1%          4
g - Sticky Flame          Conj/Fire      94%        2d10      0%          4
h - Iskenderun's Mystic   Conj/Tloc      73%        2d15      1%          4
i - Lightning Bolt        Conj/Air       43%        1d63      1%          5
j - Ignition              Fire           47%        3d13      1%          8
k - Freezing Cloud        Conj/Ice/Air   51%        6-21      1%          5
l - Fireball              Conj/Fire      47%        3d19      0%          5
m - Fire Storm            Conj/Fire      47%        8d12      8%          9

Your spell library contained the following spells:

 Spells                   Type           Power      Damage    Failure   Level
 Chain Lightning          Conj/Air       43%        3d58      24%         9
 Static Discharge         Conj/Air       87%        N/A       0%          2
 Conjure Flame            Conj/Fire      94%        6-21      0%          3
 Inner Flame              Hex/Fire       83%        N/A       0%          3
 Animate Skeleton         Necr           58%        N/A       1%          1
 Apportation              Tloc           82%        N/A       1%          1
 Slow                     Hex            100%       N/A       1%          1
 Summon Small Mammal      Summ           100%       N/A       1%          1
 Call Canine Familiar     Summ           29%        N/A       1%          3
 Confusing Touch          Hex            69%        N/A       1%          3
 Gell's Gravitas          Tloc           41%        N/A       1%          3
 Ignite Poison            Fire/Tmut/Pois 60%        N/A       1%          3
 Lesser Beckoning         Tloc           41%        N/A       1%          3
 Ozocubu's Armour         Ice            91%        N/A       1%          3
 Portal Projectile        Hex/Tloc       100%       N/A       1%          3
 Summon Guardian Golem    Hex/Summ       53%        N/A       1%          3
 Teleport Other           Tloc           41%        N/A       1%          3
 Tukima's Dance           Hex            69%        N/A       1%          3
 Vampiric Draining        Necr           29%        2d8       1%          3
 Anguish                  Hex/Necr       26%        N/A       1%          4
 Summon Ice Beast         Ice/Summ       72%        N/A       1%          4
 Summon Lightning Spire   Summ/Air       59%        N/A       1%          4
 Animate Dead             Necr           14%        N/A       6%          4
 Irradiate                Conj/Tmut      35%        3d25      1%          5
 Metabolic Englaciation   Hex/Ice        45%        N/A       1%          5
 Iron Shot                Conj/Erth      35%        9d7       1%          6
 Summon Mana Viper        Hex/Summ       53%        N/A       2%          5
 Maxwell's Capacitive Co  Air            39%        ∞         7%          8
 Summon Forest            Summ/Tloc      17%        N/A       12%         5
 Simulacrum               Ice/Necr       36%        N/A       12%         6
 Enfeeble                 Hex            34%        N/A       12%         7
 Alistair's Intoxication  Tmut/Pois      19%        N/A       17%         5
 Borgnjor's Vile Clutch   Necr/Erth      14%        N/A       17%         5
 Eringya's Noxious Bog    Tmut/Pois      14%        N/A       24%         6
 Storm Form               Tmut/Air       29%        N/A       38%         7
 Death Channel            Necr           14%        N/A       65%         6
 Summon Cactus Giant      Summ           14%        N/A       65%         6
 Discord                  Hex            34%        N/A       65%         8
 Monstrous Menagerie      Summ           14%        N/A       99%         7
 Borgnjor's Revivificati  Necr           14%        N/A       100%        8
 Necromutation            Tmut/Necr      14%        N/A       100%        8
 Death's Door             Necr           14%        N/A       100%        9


Dungeon Overview and Level Annotations

Branches:
Dungeon (15/15)            Temple (1/1) D:5            Lair (6/6) D:9
 Shoals (4/4) Lair:3        Snake (4/4) Lair:4        Slime (0/5) Lair:5
    Orc (2/2) D:11            Elf (3/3) Orc:2        Vaults (5/5) D:13
  Crypt (0/3) Vaults:2     Depths (1/4) D:15

Altars:
Ashenzari
Cheibriados
Dithmenos
Elyvilon
Fedhas
Gozag
Hepliaklqana
Kikubaaqudgha
Makhleb
Nemelex Xobeh
Okawaru
Qazlal
Ru
Sif Muna
Trog
Uskayaw
Vehumet
Wu Jian
Xom
Yredelemnul
Zin
The Shining One
Jiyva

Shops:
D:1 [[=   D:6 *=   D:10 ?   D:11 [   D:14 *   D:15 (   Orc:1 (   Orc:2 ?*=[
Elf:2 [   Shoals:3 *   Shoals:4 (   Snake:2 [*

Portals:
Pandemonium: Orc:2
Trove: D:11 (give +6 ice dragon scales)

Annotations:
D:4 Edmund
D:8 exclusion: downstairs
D:9 exclusion: ice statue
D:12 exclusion: downstairs
D:15 Roxanne
Lair:4 exclusion: 2 downstairs
Elf:1 1 runed translucent door, benappo's ghost, adept DjCj
Elf:2 3 runed translucent doors


Innate Abilities, Weirdness & Mutations

You can breathe wild blasts of lightning.
Your glossy black scales are hard. (AC +11)
You cannot fit into any form of body armour.
Your large and strong wings let you fly.
You are resistant to electric shocks. (rElec)
You are cold-blooded and may be slowed by cold attacks.


Message History

The tentacled monstrosity tentacle-slaps you.
The tentacled monstrosity grabs you.
The tentacled monstrosity constricts you.
The titan moves out of view.
The ancient lich moves out of view.
Unknown command.
Okay, then.
You feel protected.
You feel yourself speed up.
The tentacled monstrosity tentacle-slaps you. x2
* * * LOW HITPOINT WARNING * * *
The tentacled monstrosity tentacle-slaps you.
* * * LOW HITPOINT WARNING * * *
The tentacled monstrosity constricts you!
* * * LOW HITPOINT WARNING * * *
The yaktaur captain shoots a bolt.
The bolt hits you.
* * * LOW HITPOINT WARNING * * *
You feel much better.
The quicksilver dragon breathes dispelling energy at you.
The bolt of dispelling energy hits you!!
Your magical effects are unravelling.
* * * LOW HITPOINT WARNING * * *
You block the tentacled monstrosity's attack.
The tentacled monstrosity tentacle-slaps you.
* * * LOW HITPOINT WARNING * * *
The tentacled monstrosity barely misses you.
The tentacled monstrosity constricts you.
* * * LOW HITPOINT WARNING * * *
The ancient lich casts a spell.
The ancient lich flickers and vanishes!
Deactivating autopickup; reactivate with Ctrl-A.
The yaktaur captain shoots a bolt.
You reflect the bolt off an invisible shield around you!
The bolt hits the yaktaur captain!
As you read the scroll of teleportation, it crumbles to dust.
You feel strangely unstable.
Your resistance to elements expires.
The quicksilver dragon changes into a shadow dragon!
You hear some strange, mumbled words.
A bolt of acid appears from out of thin air!
The bolt of acid hits you!!!
You die...

.,**,,,,,,**,,,,,,*,,,,,,,*
.,**,,,,,,**,,,...#.,,,*,,*
.,,,,,**,,,,,,*#...,,,,*,,*
C,,,,,**,,,,,,##..{,,,,*,,*
,,,,,,,,,,**,,,...#,,,,*,,*
,,,,,,,,,.**,,,...#,,,,*,,*
,,**,,,,,...,,*#..#,,,,*,,*
,,**,,,,,....D##./#,,,,*,,*
,,,,,,**,.......@)#,,^,*,,*
,,,,,,**,.....c.X.#,,,,*,,*
,,**,,,,,.##.....)#,,,,*,,*
,,**,,,,,,*#......#,,,,*,,*
,,,,,,**,,....##.[#,,,,*,,*
,,,,,,**,....C*#)[#,,,,*,,*
,,,,,,,,,....,,:[=#,,,,*,,*
,,,,,,,,,):.|,,.(:#,,,,*,,*
,,*****************,****,,*


You could see a shadow dragon shaped shifter, a tentacled monstrosity, a titan
and a yaktaur captain.

Vanquished Creatures
  Bai Suzhen (Vaults:4)
  Xtahua (Vaults:2)
  Margery (Vaults:2)
  Vashnia (Snake:4)
  The ghost of crisisinutopia the Impregnable, an adept MiFi of Okawaru (Vaults:3)
  Nikola (Vaults:2)
  2 tentacled monstrosities
  A quicksilver dragon (Vaults:5)
  A titan (Vaults:5)
  3 deep elf master archers (Elf:3)
  3 deep elf blademasters (Elf:3)
  6 sphinxes
  Gastronok (Lair:1)
  3 shadow dragons (Vaults:5)
  A storm dragon (Vaults:5)
  2 nagarajas
  2 tengu reavers
  A thorn hunter (Snake:3)
  Aizul (Snake:4)
  2 fire giants
  2 frost giants
  12 vault wardens
  Louise (D:14)
  4 deep elf elementalists (Elf:3)
  An orc warlord (Vaults:1)
  5 deep elf sorcerers
  24 ironbound preservers
  2 very ugly things
  5 ironbound thunderhulks
  Nessos (Lair:5)
  2 stone giants
  9 deep elf demonologists
  An entropy weaver (Vaults:1)
  5 dire elephants
  A spark wasp (D:15)
  8 deep elf annihilators
  11 deep elf death magi
  3 ettins
  10 merfolk impalers
  A crystal guardian (Vaults:1)
  5 deep elf high priests
  11 yaktaur captains
  Josephine (D:11)
  3 merfolk javelineers
  A fire dragon (Lair:6)
  13 naga warriors
  9 great orbs of eyes
  28 vault guards
  23 hydras
  5 anacondas
  3 demonspawn
  An alligator snapping turtle (Shoals:2)
  A salamander tyrant (Snake:4)
  8 boulder beetles
  A catoblepas (D:14)
  A peacekeeper (Vaults:1)
  5 merfolk aquamancers
  20 centaur warriors
  Harold (D:9)
  3 ogre magi
  The ghost of Nicoed the Ruinous, a journeyman DECj of Vehumet (Lair:1)
  12 ironbound frosthearts
  A radroach (shapeshifter) (Vaults:3)
  12 satyrs
  A death knight (Vaults:2)
  16 two-headed ogres
  14 dancing weapons
  3 alligators (Snake:3)
  3 death yaks
  A vampire mage (Vaults:2)
  10 deep elf knights
  Urug (D:10)
  9 orc high priests
  A deep troll earth mage (Depths:1)
  15 naga sharpshooters
  4 hell knights (Vaults:2)
  5 shock serpents
  A goliath frog (shapeshifter) (Elf:3)
  2 iron trolls (D:15)
  8 salamander mystics
  9 skeletal warriors
  A goliath frog (Snake:3)
  50 deep trolls
  5 swamp dragons
  11 sea snakes
  8 naga ritualists
  11 deep elf archers
  A kraken simulacrum (Shoals:3)
  7 wizards
  14 ironbound convokers
  9 orc knights
  10 harpies
  4 phantasmal warriors
  7 lindwurms
  2 necromancers (Vaults:5)
  A wolf spider (D:15)
  10 mana vipers
  17 deep elf pyromancers
  6 orc sorcerers
  7 cyclopes
  17 fauns
  15 deep elf zephyrmancers
  13 ugly things
  12 manticores
  A salamander (shapeshifter) (Elf:3)
  15 salamanders
  13 merfolk sirens
  18 vault sentinels
  18 elephants
  5 guardian serpents
  19 naga magi
  A smoke demon (Orc:2)
  Maurice (D:10)
  2 water nymphs (Shoals:4)
  42 black mambas
  A water nymph (shapeshifter) (Vaults:5)
  15 cane toads
  2 gargoyles
  7 rime drakes
  25 yaktaurs
  An efreet (D:15)
  A rime drake (shapeshifter) (Elf:1)
  15 komodo dragons
  4 tengu conjurers
  A freezing wraith (Vaults:5)
  A hellwing (Orc:2)
  2 guardian mummies (D:11)
  7 wind drakes
  26 merfolk
  A red devil (Orc:2)
  12 trolls
  28 slime creatures
  13 polar bears
  6 meliai (D:14)
  21 blink frogs
  A wind drake (shapeshifter) (D:15)
  A frost giant simulacrum (Vaults:5)
  Prince Ribbit (D:9)
  A hornet (D:7)
  5 snapping turtles
  11 dream sheep
  2 shadows (D:11)
  2 spriggans (shapeshifter)
  4 air elementals
  7 wyverns
  13 water elementals
  2 vampires
  2 alligator snapping turtle simulacra (Shoals:3)
  3 wraiths
  4 fire elementals
  Grum (D:10)
  56 yaks
  A redback (Vaults:1)
  Eustachio (D:4)
  16 humans (D:13)
  9 basilisks
  A golden eye (shapeshifter) (D:14)
  2 sea snake simulacra (Shoals:3)
  A death yak simulacrum (Shoals:3)
  A neqoxec (Orc:2)
  A two-headed ogre zombie (D:11)
  2 harpy simulacra (Shoals:3)
  A steam dragon (Lair:6)
  8 vampire mosquitoes
  41 nagas
  A swamp worm (shapeshifter) (D:13)
  4 swamp worms (Snake:3)
  8 wargs
  15 hell hounds (Lair:6)
  6 acid dragons
  9 water moccasins
  38 orc warriors
  3 sky beasts
  A hornet zombie (D:8)
  An ice beast (D:8)
  A satyr simulacrum (Shoals:3)
  4 swamp drakes
  12 black bears
  19 wolves
  18 ogres
  2 phantoms (D:11)
  17 centaurs
  3 kobold brigands
  4 merfolk simulacra (Shoals:3)
  12 bullfrogs
  A wyvern zombie (D:7)
  5 earth elementals
  A faun simulacrum (Shoals:3)
  2 scorpions
  2 troll zombies (D:11)
  4 manticore simulacra (Shoals:3)
  13 killer bees
  2 snapping turtle simulacra (Shoals:3)
  3 wights (D:7)
  An electric eel (Lair:2)
  9 howler monkeys
  A centaur zombie (D:8)
  4 hounds
  A jelly (D:7)
  A centaur skeleton (D:6)
  25 orc priests
  10 iguanas
  14 orc wizards
  3 centaur simulacra (Shoals:3)
  5 ogre zombies (D:11)
  2 howler monkey zombies
  6 adders
  2 white imps
  2 ufetubi
  A worm (D:3)
  2 dart slugs
  64 orcs
  7 ball pythons
  6 endoplasms
  4 giant cockroaches
  5 goblins
  5 hobgoblins
  6 jackals
  15 kobolds
  4 quokkas
  3 training dummies (Orc:1)
  7 bats
  3 frilled lizards
  3 goblin skeletons (D:11)
  5 goblin zombies (D:11)
  4 hobgoblin skeletons (D:11)
  3 hobgoblin zombies (D:11)
  2 orc skeletons (D:11)
  8 orc zombies (D:11)
  4 rats
  29 bushes (D:15)
  3 fulminant prisms
  A tentacle (Shoals:3)
1669 creatures vanquished.

Vanquished Creatures (others)
  An orc knight (D:13)
  A deep elf pyromancer (Elf:1)
  2 unseen horrors (D:11)
  2 bushes (Lair:6)
  236 fulminant prisms
  79 fungi
  333 plants
  3 tentacles (Shoals:3)
657 creatures vanquished.

Grand Total: 2326 creatures vanquished

Notes
Turn   | Place    | Note
-------+----------+-------------------------------------------
     0 | D:1      | graymark the Draconian Conjurer began the quest for the
                  | Orb.
     0 | D:1      | Reached XP level 1. HP: 14/14 MP: 3/3
    10 | D:1      | Found Peinilyrch's Antique Armour Shop.
   231 | D:1      | Reached XP level 2. HP: 20/20 MP: 3/5
   314 | D:1      | Found Agilosk's Antique Armour Boutique.
   743 | D:1      | Found Meomubla's Jewellery Shoppe.
   917 | D:1      | HP: 1/20 [jackal (3)]
   944 | D:1      | Reached XP level 3. HP: 7/26 MP: 0/6
  1173 | D:1      | Learned a level 2 spell: Searing Ray
  2202 | D:3      | Reached XP level 4. HP: 31/33 MP: 7/7
  2413 | D:3      | Learned a level 4 spell: Fulminant Prism
  3113 | D:4      | Noticed Eustachio
  3133 | D:4      | Killed Eustachio
  3134 | D:4      | Reached skill level 3 in Spellcasting
  3134 | D:4      | Reached skill level 5 in Conjurations
  3134 | D:4      | Reached skill level 1 in Hexes
  3134 | D:4      | Reached XP level 5. HP: 20/38 MP: 1/9
  3134 | D:4      | Reached XP level 6. HP: 24/45 MP: 1/10
  3618 | D:4      | Learned a level 3 spell: Dazzling Flash
  3725 | D:4      | Found a basalt altar of Yredelemnul.
  3752 | D:4      | Found a shimmering altar of Xom.
  3769 | D:4      | Found an ancient bone altar of Kikubaaqudgha.
  3865 | D:4      | Found a hide-covered altar of Uskayaw.
  3868 | D:4      | Noticed Edmund
  4020 | D:5      | Entered Level 5 of the Dungeon
  4037 | D:5      | HP: 1/45 [ogre/+0 giant spiked club (18)]
  4486 | D:5      | You are sucked into a shaft and drop 1 floor!
  4486 | D:6      | Noticed a sky beast
  4514 | D:6      | Killed a sky beast
  4515 | D:6      | Your scales start taking on a glossy black colour.
  4515 | D:6      | Reached XP level 7. HP: 11/50 MP: 1/12
  4515 | D:6      | Gained mutation: You are resistant to electric shocks.
                  | (rElec) [Black Draconian growth]
  5045 | D:6      | Found Egyselot's Hallowed Reliquary.
  5050 | D:6      | Noticed an angel
  5053 | D:6      | Bought a potion of curing for 39 gold pieces
  5053 | D:6      | Bought a potion of curing for 39 gold pieces
  5053 | D:6      | Bought 2 potions of heal wounds for 130 gold pieces
  5118 | D:6      | Reached skill level 4 in Spellcasting
  5184 | D:6      | Found Heschil's Jewellery Emporium.
  5344 | D:5      | Found a staircase to the Ecumenical Temple.
  5355 | D:5      | Identified the +2 pair of boots "Daefelagh" {Drain rN+
                  | Dex+4 Stlth+}
  5713 | D:4      | Learned a level 3 spell: Tukima's Dance
  6011 | D:4      | Reached XP level 8. HP: 57/57 MP: 14/14
  6129 | Temple   | Entered the Ecumenical Temple
  6437 | Temple   | Became a worshipper of Vehumet
  6624 | D:5      | Found a sacrificial altar of Ru.
  6775 | D:6      | Reached skill level 1 in Shields
  7324 | D:7      | Found an opulent altar of Gozag.
  7325 | D:7      | Found an ornate altar of the Wu Jian Council.
  7335 | D:7      | Found an opulent altar of Gozag.
  7335 | D:7      | Found an opulent altar of Gozag.
  7342 | D:7      | Reached skill level 5 in Spellcasting
  7388 | D:7      | Found an opulent altar of Gozag.
  7451 | D:7      | Found a glowing golden altar of the Shining One.
  7910 | D:7      | Noticed a hornet
  7918 | D:7      | Learned a level 4 spell: Cause Fear
  7927 | D:7      | Killed a hornet
  8018 | D:7      | Reached XP level 9. HP: 61/62 MP: 17/17
  8056 | D:7      | Found a shimmering blue altar of Sif Muna.
  8871 | D:7      | Reached skill level 5 in Hexes
  9089 | D:8      | Reached skill level 6 in Spellcasting
  9858 | D:8      | Found a blossoming altar of Fedhas.
  9875 | D:8      | Learned a level 4 spell: Sticky Flame
 10029 | D:8      | Reached skill level 1 in Fire Magic
 10108 | D:8      | Identified the +1 dagger of the Immovable Villages {flame,
                  | Will+}
 10267 | D:8      | Found a sparkling altar of Nemelex Xobeh.
 10268 | D:8      | Found an iron altar of Okawaru.
 10496 | D:9      | Noticed Prince Ribbit
 10540 | D:9      | Noticed a death yak
 10540 | D:9      | Noticed a death yak
 10540 | D:9      | Noticed a death yak
 10540 | D:9      | Found a staircase to the Lair.
 11010 | D:8      | Killed a death yak
 11011 | D:8      | Reached skill level 7 in Spellcasting
 11011 | D:8      | Reached XP level 10. HP: 65/69 MP: 6/20
 11027 | D:8      | Killed a death yak
 11027 | D:8      | Reached * piety under Vehumet
 11027 | D:8      | Offered knowledge of Foxfire by Vehumet.
 11465 | D:9      | Noticed Harold
 11466 | D:9      | Noticed a centaur warrior
 11743 | D:9      | Killed Prince Ribbit
 12254 | D:9      | Noticed an ice statue
 12548 | D:9      | Killed Harold
 12549 | D:9      | Reached skill level 8 in Spellcasting
 12756 | D:8      | Reached ** piety under Vehumet
 12756 | D:8      | Offered knowledge of Static Discharge by Vehumet.
 12757 | D:8      | Reached XP level 11. HP: 71/74 MP: 23/23
 12938 | D:9      | Found a white marble altar of Elyvilon.
 13158 | D:9      | Killed a death yak
 13159 | D:9      | Reached skill level 5 in Fire Magic
 13611 | D:10     | Entered Level 10 of the Dungeon
 13917 | D:10     | Noticed Grum
 13957 | D:9      | Learned a level 4 spell: Iskenderun's Mystic Blast
 14255 | D:10     | Noticed Maurice
 14281 | D:10     | Killed Maurice
 14310 | D:10     | Noticed Urug
 14555 | D:10     | Found Doirph's Magic Scroll Emporium.
 14561 | D:10     | Bought a scroll of teleportation for 36 gold pieces
 14561 | D:10     | Bought 2 scrolls of blinking for 180 gold pieces
 14853 | D:10     | Killed Urug
 14854 | D:10     | Reached skill level 10 in Conjurations
 14872 | D:10     | Killed Grum
 15255 | D:11     | Offered knowledge of Frozen Ramparts by Vehumet.
 15531 | D:11     | Noticed a seven-headed hydra
 15535 | D:11     | Found a staircase to the Orcish Mines.
 15578 | D:11     | Reached *** piety under Vehumet
 15944 | D:11     | Offered knowledge of Mephitic Cloud by Vehumet.
 16103 | D:11     | Found a portal to a secret trove of treasure.
 16223 | D:11     | Noticed Josephine
 16477 | D:11     | Noticed a two-headed ogre
 16487 | D:11     | Killed a two-headed ogre
 16488 | D:11     | Reached skill level 9 in Spellcasting
 16641 | D:11     | Found a shimmering altar of Xom.
 16710 | D:11     | Killed a seven-headed hydra
 16818 | D:11     | Found Nabu's Dragon-Slaying Spoils.
 17411 | D:11     | Noticed a two-headed ogre
 17413 | D:11     | Killed Josephine
 17416 | D:11     | Killed a two-headed ogre
 17417 | D:11     | Reached XP level 12. HP: 80/81 MP: 16/25
 17621 | Orc:1    | Entered Level 1 of the Orcish Mines
 17715 | Orc:1    | Found Oschec's Firing Range.
 18190 | D:6      | Bought a ring of willpower for 325 gold pieces
 18394 | Orc:1    | Noticed a two-headed ogre
 18404 | Orc:1    | Killed a two-headed ogre
 18557 | D:11     | Reached **** piety under Vehumet
 18899 | Orc:1    | Offered knowledge of Lightning Bolt by Vehumet.
 18916 | Orc:1    | Learned a level 5 spell: Lightning Bolt
 19004 | Orc:1    | Reached skill level 5 in Shields
 19030 | Orc:1    | Reached skill level 1 in Air Magic
 19213 | Orc:2    | Entered Level 2 of the Orcish Mines
 19213 | Orc:2    | Found a staircase to the Elven Halls.
 19231 | Orc:2    | Noticed a two-headed ogre
 19242 | Orc:1    | Killed a two-headed ogre
 19479 | Orc:2    | Noticed a two-headed ogre
 19563 | Orc:1    | Noticed an orc high priest
 19571 | Orc:1    | Killed an orc high priest
 20020 | Orc:1    | Reached skill level 10 in Spellcasting
 20311 | Orc:1    | Killed a two-headed ogre
 20788 | Orc:2    | Reached skill level 5 in Air Magic
 21759 | Orc:2    | Reached ***** piety under Vehumet
 22018 | Orc:2    | Found Isifuulala's General Store.
 22075 | Orc:2    | Offered knowledge of Iskenderun's Battlesphere by Vehumet.
 22355 | Orc:2    | Found Anueggu's Magic Scroll Shoppe.
 22738 | Orc:2    | Noticed an orc high priest
 22975 | Orc:2    | Noticed an orc high priest
 22978 | Orc:2    | Killed an orc high priest
 23179 | Orc:2    | Noticed an orc high priest
 23319 | Orc:2    | Reached XP level 13. HP: 86/86 MP: 6/27
 23934 | Orc:2    | Reached skill level 1 in Translocations
 24069 | Orc:2    | Reached skill level 11 in Spellcasting
 25932 | Orc:2    | Reached skill level 12 in Spellcasting
 26032 | Orc:2    | Found Toucru's Antique Armour Shop.
 26032 | Orc:2    | Found Leajecov's Jewellery Boutique.
 26033 | Orc:2    | Found a one-way gate leading to the halls of Pandemonium.
 26096 | Orc:2    | Bought a scroll of identify for 32 gold pieces
 26096 | Orc:2    | Bought a scroll of fog for 32 gold pieces
 26096 | Orc:2    | Bought a scroll of fog for 32 gold pieces
 26097 | Orc:2    | Bought a scroll of magic mapping for 56 gold pieces
 26099 | Orc:2    | Bought a potion of curing for 45 gold pieces
 26187 | D:10     | Bought a scroll of identify for 24 gold pieces
 26187 | D:10     | Bought a scroll of identify for 24 gold pieces
 26187 | D:10     | Bought a scroll of blinking for 90 gold pieces
 26231 | Lair:1   | Entered Level 1 of the Lair of Beasts
 26258 | Lair:1   | Learned a level 1 spell: Slow
 26532 | D:12     | Reached skill level 1 in Fighting
 27159 | D:12     | Identified a scroll of acquirement
 27162 | D:12     | Acquired a staff of conjuration
 27820 | D:13     | Found a gate to the Vaults.
 27999 | D:13     | Found a stormy altar of Qazlal.
 28500 | D:13     | Reached skill level 13 in Spellcasting
 29084 | D:13     | Gained mutation: Your large and strong wings let you fly.
                  | [Black Draconian growth]
 29084 | D:13     | Reached XP level 14. HP: 65/105 MP: 30/31
 29287 | D:13     | Reached skill level 5 in Fighting
 29562 | D:13     | Identified the +3 whip of Defiance {flame, Stlth+}
 30433 | Lair:1   | Reached skill level 14 in Spellcasting
 30829 | Lair:1   | Noticed Gastronok
 31218 | Lair:1   | Found a runed translucent door.
 31219 | Lair:1   | Noticed Nicoed's ghost (journeyman DECj)
 32039 | Lair:1   | Killed Nicoed's ghost
 32210 | Lair:2   | Offered knowledge of Freezing Cloud by Vehumet.
 32271 | Lair:2   | Reached skill level 5 in Dodging
 32277 | Lair:2   | Learned a level 5 spell: Freezing Cloud
 32688 | Lair:2   | Reached skill level 1 in Ice Magic
 33414 | Lair:3   | Found a burning altar of Makhleb.
 33600 | Lair:3   | Found a staircase to the Shoals.
 34623 | Lair:3   | Acquired a +2 hat of willpower
 35228 | Lair:4   | Offered knowledge of Lee's Rapid Deconstruction by Vehumet.
 35324 | Lair:4   | Identified the +4 hand axe of Hubris {vorpal, SInv}
 35415 | Lair:4   | Found a staircase to the Snake Pit.
 35492 | Lair:4   | You are sucked into a shaft and drop 1 floor!
 35492 | Lair:5   | Noticed Nessos
 35714 | Lair:5   | Reached XP level 15. HP: 121/121 MP: 29/33
 35716 | Lair:5   | Killed Nessos
 36248 | Lair:5   | Reached skill level 10 in Air Magic
 36614 | Lair:5   | Reached skill level 15 in Spellcasting
 36616 | Lair:5   | Found a staircase to the Slime Pits.
 36617 | Lair:5   | Found a viscous altar of Jiyva.
 36884 | Lair:6   | Entered Level 6 of the Lair of Beasts
 37233 | Lair:6   | Reached skill level 5 in Ice Magic
 37884 | Lair:6   | Offered knowledge of Starburst by Vehumet.
 39790 | Lair:6   | Found the +2 cloak of the Thief {*Fog Slay-2 SInv Stlth+}
 39968 | Lair:6   | Offered knowledge of Fireball by Vehumet.
 39980 | Lair:6   | Learned a level 5 spell: Fireball
 40490 | Lair:6   | Acquired 1050 gold pieces
 40794 | Lair:1   | Killed Gastronok
 41118 | D:14     | Found Kesyn's Assorted Antiques.
 41145 | D:14     | Bought a potion of heal wounds for 85 gold pieces
 41145 | D:14     | Bought 2 potions of curing for 102 gold pieces
 41273 | D:14     | Found a shadowy altar of Dithmenos.
 41312 | D:14     | Reached skill level 10 in Fighting
 41542 | D:14     | Reached XP level 16. HP: 124/134 MP: 30/35
 42462 | D:15     | Entered Level 15 of the Dungeon
 42462 | D:15     | Noticed Louise
 42770 | D:14     | Killed Louise
 43628 | D:15     | Identified Roxanne's Disquisition on Transmigration
 43628 | D:15     | Noticed Roxanne
 43717 | D:15     | Identified the +1 robe of Broken Taboos {+Inv rN+ Slay-3}
 44850 | D:15     | Found Pofaecid's Antique Weapon Boutique.
 45128 | D:15     | Found a staircase to the Depths.
 45689 | Shoals:1 | Entered Level 1 of the Shoals
 45749 | Shoals:1 | Offered knowledge of Yara's Violent Unravelling by Vehumet.
 46821 | Shoals:2 | Reached skill level 16 in Spellcasting
 49096 | Shoals:3 | Found Gatz's General Store.
 49104 | Shoals:3 | Bought 2 potions of resistance for 380 gold pieces
 49193 | Shoals:3 | Offered knowledge of Iron Shot by Vehumet.
 49197 | Shoals:3 | Reached XP level 17. HP: 123/144 MP: 29/37
 49430 | Shoals:3 | Found a runed translucent gate.
 49431 | Shoals:3 | Found a runed translucent gate.
 49432 | Shoals:3 | Found a runed translucent gate.
 50363 | Shoals:3 | Identified the ring "Lyzil" {Fly rElec}
 50368 | Shoals:3 | Identified the +0 pair of gloves of Shadows and Fog {Str+3
                  | Dex+4}
 50415 | Shoals:4 | Entered Level 4 of the Shoals
 50697 | Shoals:4 | Found Ituad's Weapon Emporium.
 51924 | Shoals:4 | Got a barnacled rune of Zot
 52307 | Shoals:4 | Reached ****** piety under Vehumet
 53706 | Depths:1 | Entered Level 1 of the Depths
 54515 | Elf:1    | Entered Level 1 of the Elven Halls
 54581 | Elf:1    | Reached skill level 10 in Ice Magic
 54620 | Elf:1    | Offered knowledge of Fire Storm by Vehumet.
 54620 | Elf:1    | Offered knowledge of Chain Lightning by Vehumet.
 54620 | Elf:1    | Offered knowledge of Ignition by Vehumet.
 55101 | Elf:1    | Paralysed by an air elemental for 1 turns
 55110 | Elf:1    | Paralysed by an air elemental for 1 turns
 55425 | Elf:1    | Reached skill level 10 in Fire Magic
 55427 | Elf:1    | Reached XP level 18. HP: 115/151 MP: 27/38
 55459 | Elf:1    | Reached skill level 17 in Spellcasting
 55697 | Elf:1    | Noticed benappo's ghost (adept DjCj)
 55699 | Elf:1    | Found a runed translucent door.
 55742 | Elf:1    | Paralysed by an air elemental for 1 turns
 56707 | Elf:2    | Found a runed translucent gate.
 56707 | Elf:2    | Found a runed translucent gate.
 56707 | Elf:2    | Found a runed translucent gate.
 56899 | Elf:2    | Found Pasoa's Armour Boutique.
 56907 | Elf:2    | Bought a +2 buckler of resistance for 415 gold pieces
 56929 | Elf:2    | Learned a level 9 spell: Fire Storm
 57191 | D:1      | Bought a ring of wizardry for 300 gold pieces
 58151 | Elf:3    | Entered Level 3 of the Elven Halls
 58152 | Elf:3    | Paralysed by an air elemental for 1 turns
 58156 | Elf:2    | Paralysed by an air elemental for 1 turns
 59696 | Elf:3    | Identified the ring "Wuiphi" {*Slow rC+++ AC+4 Str-5 Dex+4
                  | Slay+3}
 59907 | Elf:3    | Identified the +3 morningstar of the Lair of Beasts {drain,
                  | rC- Will+ Str+3}
 59962 | Elf:3    | Identified the +1 plate armour "Keylanud" {rC++ Dex+7}
 60182 | Elf:3    | Identified the +1 chain mail of the Fife {MP+9 Str+8 Dex+4}
 60461 | Elf:3    | Identified the +7 quarterstaff "Jiado" {vamp, rPois Str+6
                  | Int-5 Stlth+}
 60964 | Elf:3    | Identified the +5 mace of the Onslaught {vorpal, rPois
                  | Int-4 Dex+9 SInv}
 61515 | Elf:3    | Found the +3 pair of seven-league boots {Rampage+∞}
 61520 | Elf:3    | Identified the +1 pair of gloves of Acitevil {Will+}
 61745 | Elf:3    | Learned a level 4 spell: Airstrike
 61973 | Snake:1  | Entered Level 1 of the Snake Pit
 62522 | Snake:1  | Reached XP level 19. HP: 150/157 MP: 40/40
 63191 | Snake:2  | Reached skill level 18 in Spellcasting
 63622 | Snake:2  | Reached skill level 15 in Conjurations
 63789 | Snake:2  | Found Hicorhaes's Antique Armour Shoppe.
 64257 | Snake:2  | Found Fygeiseu's General Store.
 64266 | Snake:2  | Bought a potion of resistance for 170 gold pieces
 64266 | Snake:2  | Bought a scroll of magic mapping for 59 gold pieces
 64781 | Snake:2  | Identified the +6 long sword of Untruth {protect, Fragile
                  | rElec rN+ Int+8}
 66237 | Snake:3  | Identified the ring of Pyromania {rC+ Str+4 Dex+5 Stlth+}
 67481 | Snake:4  | Entered Level 4 of the Snake Pit
 67529 | Snake:4  | Noticed Aizul
 67542 | Snake:4  | Killed Aizul
 69365 | Snake:4  | Reached skill level 15 in Fire Magic
 69466 | Snake:4  | Noticed Vashnia
 69664 | Snake:4  | Killed Vashnia
 70056 | Snake:4  | Reached XP level 20. HP: 165/165 MP: 42/42
 70295 | Snake:4  | Got a serpentine rune of Zot
 70516 | Vaults:1 | Entered Level 1 of the Vaults
 72808 | Vaults:1 | Reached skill level 19 in Spellcasting
 74959 | Vaults:2 | Noticed Xtahua
 74967 | Vaults:2 | Killed Xtahua
 75290 | Vaults:2 | Found a staircase to the Crypt.
 75387 | Vaults:2 | Noticed Nikola
 75392 | Vaults:2 | Killed Nikola
 75454 | Vaults:2 | Noticed Margery
 75860 | Vaults:2 | Killed Margery
 77021 | Vaults:2 | Reached XP level 21. HP: 149/171 MP: 11/44
 78001 | Vaults:2 | Got the Collected Works on Damaging Darkness
 78013 | Vaults:2 | Learned a level 8 spell: Ignition
 79407 | Vaults:3 | Reached skill level 20 in Spellcasting
 80041 | Vaults:3 | Found a runed translucent gate.
 80041 | Vaults:3 | Found a runed translucent gate.
 80042 | Vaults:3 | Found a runed translucent gate.
 80045 | Vaults:3 | Noticed crisisinutopia's ghost (adept MiFi)
 80350 | Vaults:3 | Killed crisisinutopia's ghost
 80356 | Vaults:3 | Got the Papyrus of Earth and Hexes
 81202 | Vaults:4 | Noticed Bai Suzhen
 81847 | Vaults:4 | Killed Bai Suzhen
 82607 | Vaults:5 | Entered Level 5 of the Vaults
 82610 | Vaults:5 | Reached XP level 22. HP: 179/179 MP: 46/46
 82934 | Vaults:5 | Noticed a golden dragon
 83334 | Vaults:5 | Identified the amulet of Eweym {Harm rPois Regen+ Stlth+}
 83497 | Vaults:5 | Noticed a golden dragon
 83499 | Vaults:5 | Found the +3 Elemental Staff {rElec rF++ rC++ AC+5}
 83499 | Vaults:5 | Noticed an ancient lich
 83502 | Vaults:5 | Killed from afar by an ancient lich

Illustrated notes

Levels and vault maps discovered:
D:1:      wander_arrival_desolate, layout_basic, serial_shops,
          nicolae_shop_stone, nicolae_shop_hallway_stairs,
          nicolae_shop_waterfront
D:2:      layout_rooms
D:3:      layout_loops_cross
D:4:      layout_cave_pools, kennysheep_mini, nicolae_overflow_hidden_temple,
          mainiacjoe_overflow_big_doors, minivault_5, serial_park_tiny_2,
          uniq_edmund, uniq_eustachio
D:5:      layout_gridville, lemuel_tele_altar, minmay_temple_entry_tees
D:6:      layout_cave_pods, serial_shops, shop, serial_park,
          serial_park_square2, serial_park_square1
          [serial_park_minivault_5x5_6], serial_park_gazebo
          [serial_park_minivault_5x5_5], nicolae_good_shop
D:7:      layout_basic, mainiacjoe_overflow_brackets, old_standard_altar,
          nicolae_gozag_conspicuous_consumption, nzn_wu_jian_contemplation,
          lemuel_flamethrower_1
D:8:      layout_cave_pools, mainiacjoe_overflow_catwalk,
          mainiacjoe_overflow_divided_tiny, bh_walls_and_bars
D:9:      minmay_statue_hallways, layout_loops_ring,
          nicolae_elyvilon_temple_path, dpeg_lair_monsters, grunt_ministairs_4,
          uniq_prince_ribbit1, uniq_harold
D:10:     layout_basic, serial_shops, nicolae_shop_statue_plus, minmay_between,
          uniq_maurice, uniq_urug, uniq_grum
D:11:     layout_stronghold, zombieorc2_lemuel,
          nicolae_trove_entry_path_of_doom, nicolae_shop_dragon_depot,
          xom_confusion_cloud, uniq_josephine
D:12:     layout_irregular_city
D:13:     layout_grid_maze, david_vaults_3, st_stairs_1,
          nicolae_qazlal_general_emergency
D:14:     layout_roguey, serial_shops, nicolae_stop_n_shop_1,
          nicolae_dithmenos_through_a_glass_darkly
D:15:     hangedman_depths_entry_try_elsewhere_first, layout_basic,
          minmay_hedge_maze, serial_shops, nicolae_shop_waterfront,
          nicolae_lava_and_water, uniq_roxanne, uniq_louise
Temple:   compressed_dpeg_triangle_lava_temple
Lair:1:   layout_layer_cave, ebering_ghost_reflecting_pool, uniq_gastronok
Lair:2:   layout_misc_corridors, infiniplex_staircase_pool
Lair:3:   layout_gridlike, elwin_shoals_entry_rocks, basic_altar,
          grunt_megastairs_1
Lair:4:   layout_layer_cave, dummy_snake_entry, beast_lair_carwin_9
Lair:5:   layout_hall_layers, slime_altar_1, st_stairs_12, nzn_sisyphean_effort,
          infiniplex_staircase_pool_2, uniq_nessos
Lair:6:   hangedman_lair_caniforms_friends, layout_regular_city,
          guppyfry_lair_end_dragon, grunt_forest_stairs_basic
Shoals:1: layout_shoals
Shoals:2: layout_shoals, nicolae_shoals_water_elemental_grotto
Shoals:3: layout_shoals, serial_shops, nicolae_shop_hallway_plus,
          nicolae_shoals_beach_cooler
Shoals:4: shoals_end_grunt_garden, layout_shoals, serial_shops, shop
Snake:1:  layout_misc_corridors, nicolae_snake_salamander_stairs
Snake:2:  layout_concentric_octagons, minmay_shoptagon
Snake:3:  onia_ninara_swampy_vault, layout_chambers,
          portal_ice_cave_entry_pillars_three, serial_bayou_shore_b
Snake:4:  johnstein_snake_rune_scales, layout_gridlike, uniq_vashnia, uniq_aizul
Orc:1:    layout_caves, nicolae_shop_firing_range
Orc:2:    pf_orc_diabolical, layout_caves
Elf:1:    layout_loops_cross, gammafunk_ghost_grave, minivault_28
Elf:2:    nicolae_elf_blades_splatter_lattice [mumra_blade_entry_dagger],
          layout_loops_cross, serial_shops, nicolae_stop_n_shop_2
Elf:3:    grunt_elf_hall_asides, layout_geoelf_grid, nicolae_elf_martial_mastery
Vaults:1: vaults_mumra_hex, v_alt_pattern_1, vaults_dpeg_cross,
          nicolae_vaults_ninety_degrees, v_misc_22, v_misc_11,
          nicolae_vaults_theta, v_misc_33, vaults_mumra_chevron,
          hangedman_vaults_maws, hangedman_vaults_impose,
          nicolae_vaults_sealed_display, st_squares, layout_vaults_omnicross
Vaults:2: vaults_room_large_hall, st_octagons_2,
          minmay_crypt_entry_simple_statues, v_alt_pattern_5,
          ontoclasm_vaults_fault, ontoclasm_vaults_hangar,
          layout_vaults_omnigrid, uniq_xtahua, uniq_margery, uniq_nikola
Vaults:3: ebering_ghost_rock_garden, v_alt_pattern_1,
          ontoclasm_vaults_loading_screen, st_lattice,
          ontoclasm_vaults_ring_square, v_misc_19, v_alt_pattern_4,
          vaults_standard_mumra_x, v_misc_3, vaults_room_large_hall,
          vaults_room_pools, grunt_vaults_hallway_short, layout_vaults_ring
Vaults:4: vaults_room_pools, hangedman_vaults_nails, v_misc_1,
          ontoclasm_vaults_gateway, nicolae_vaults_diagonal_hallway_7,
          nicolae_vaults_mini_display_case, v_misc_15, st_quartered_hall,
          v_misc_3, layout_vaults_big_room, uniq_bai_suzhen
Vaults:5
Depths:1: layout_cave_pools, enter_ziggurat_a, lightli_too_deep,
          dk_noncrumbling_2, serial_rivers, chequers_serial_rivers_small_a,
          chequers_serial_rivers_micro_d, chequers_serial_rivers_room_b,
          chequers_serial_rivers_large_a, chequers_serial_rivers_small_a,
          chequers_serial_rivers_small_3, minmay_misc_feat_iff,
          serial_sigils_hangedman_carve, amcnicky_mini_corridor_feature,
          kiku_gazebo_pond_becter

Skill      XL: |  1  2  3  4  5  6  7  8  9 10 11 12 13 14 15 16 17 18 19 20 21 22 |
---------------+-------------------------------------------------------------------+-----
Stealth        | 2 |  2.7
Dodging        | 2 3 4 5 7 |  7.5
Spellcasting   | 3 4 5 7 8 9 10 13 14 15 16 17 18 19 20 | 20.9
Conjurations   | 5 6 7 8 9 10 11 12 13 14 16 17 18 19 | 19.1
Hexes          | 1 2 3 4 6 7 8 9 |  9.1
Shields        | 3 4 6 7 9 |  9.1
Fire Magic     | 2 4 7 8 10 12 15 17 18 19 | 19.0
Air Magic      | 7 8 9 11 12 | 12.5
Translocations | 2 |  2.2
Fighting       | 4 8 10 11 | 11.0
Ice Magic      | 3 6 8 10 | 10.1

Action                   |  1- 3 |  4- 6 |  7- 9 | 10-12 | 13-15 | 16-18 | 19-21 | 22-24 || total
-------------------------+-------+-------+-------+-------+-------+-------+-------+-------++-------
Melee: Unarmed           |    61 |       |       |       |       |       |       |       ||    61
       Tailslap          |    13 |     5 |    11 |    87 |    90 |    81 |    80 |     9 ||   376
       Dagger            |    43 |    50 |    95 |   393 |    45 |       |       |       ||   626
       Punch             |       |     1 |       |     3 |       |       |       |       ||     4
       Staff             |       |       |       |       |   319 |   232 |   320 |    27 ||   898
 Cast: Magic Dart        |    60 |    56 |   107 |   288 |   192 |    27 |    39 |     1 ||   770
       Searing Ray       |       |    12 |    70 |    73 |    33 |    49 |     5 |       ||   242
       Tukima's Dance    |       |       |     2 |       |     7 |       |       |       ||     9
       Cause Fear        |       |       |     3 |     3 |     1 |       |     2 |       ||     9
       Fulminant Prism   |       |       |    21 |   114 |    60 |    29 |    16 |       ||   240
       Sticky Flame      |       |       |     1 |     5 |    99 |    19 |    58 |     5 ||   187
       Iskenderun's Myst |       |       |       |    12 |    66 |    84 |   166 |     7 ||   335
       Lightning Bolt    |       |       |       |    26 |   143 |    99 |   155 |    14 ||   437
       Slow              |       |       |       |       |    22 |       |       |       ||    22
       Freezing Cloud    |       |       |       |       |   118 |   108 |   215 |     6 ||   447
       Fireball          |       |       |       |       |    25 |   391 |    96 |     4 ||   516
       Dazzling Flash    |       |       |       |       |       |     3 |     2 |       ||     5
       Airstrike         |       |       |       |       |       |     6 |   105 |     5 ||   116
       Ignition          |       |       |       |       |       |       |    17 |    18 ||    35
 Abil: Breathe Lightning |       |       |     5 |       |     2 |     1 |       |       ||     8
Evoke: Wand              |       |     1 |     1 |     3 |     2 |     4 |    18 |     6 ||    35
       Condenser vane    |       |       |       |       |       |       |     1 |       ||     1
  Use: Potion            |     2 |       |     1 |     3 |       |     1 |     8 |     8 ||    23
       Scroll            |       |     8 |     5 |     9 |    17 |     9 |     7 |     7 ||    62
 Stab: Sleeping          |     5 |     1 |     2 |     2 |     1 |       |     2 |       ||    13
Armor: Skin              |    39 |    25 |   101 |   221 |   211 |   162 |   184 |    38 ||   981
Dodge: Dodged            |    79 |    33 |   130 |   293 |   242 |   198 |   274 |    51 ||  1300
Block: Kite shield       |       |       |       |    97 |   388 |   321 |       |       ||   806
       Reflection        |       |       |       |       |     6 |    86 |    74 |     2 ||   168
       Buckler           |       |       |       |       |       |    50 |   412 |    65 ||   527
